 Dungeon Crawl Stone Soup version 0.25.0-9-g26727b657a (webtiles) character file.

Game seed: 8398411013445072528

30244 Infinimo the Fencer (level 13, -7/119 HPs)
             Began as a Minotaur Berserker on June 20, 2020.
             Was the Champion of Trog.
             Succumbed to barbed spike wounds
             ... on level 14 of the Dungeon.
             The game lasted 00:28:17 (19178 turns).

Infinimo the Fencer (Minotaur Berserker)           Turns: 19178, Time: 00:28:17

Health: -7/119     AC: 18    Str: 26    XL:     13   Next: 19%
Magic:  12/12      EV: 11    Int:  4    God:    Trog [******]
Gold:   1205       SH: 10    Dex: 11    Spells: 12/12 levels left

rFire    + . .     SeeInvis .   F - +6 scimitar "Waugoam" {vorpal, Dex+4}
rCold    + . .     Gourm    .   D - +2 buckler
rNeg     . . .     Faith    .   x - +0 plate armour
rPois    +         Spirit   .   (helmet restricted)
rElec    .         Reflect  +   a - +1 cloak
rCorr    .         Harm     .   (no gloves)
MR       .....                  (no boots)
Stlth    ..........             n - amulet of reflection
HPRegen  0.29/turn              f - ring of protection from cold
MPRegen  0.13/turn              E - ring "Zeoxol" {+Inv rPois rF+ Dex-4}

@: about to teleport, barbed spikes, berserk cooldown, starving, slowed, lightly
drained, very slow
A: retaliatory headbutt, horns 2
a: Berserk, Trog's Hand, Brothers in Arms, Renounce Religion, Evoke Invisibility


You were on level 14 of the Dungeon.
You worshipped Trog.
Trog was exalted by your worship.
You were starving.

You visited 1 branch of the dungeon, and saw 15 of its levels.
You also visited: Ossuary.

You collected 1205 gold pieces.

Inventory:

Hand Weapons
 F - the +6 scimitar "Waugoam" (weapon) {vorpal, Dex+4}
   (Trog gifted it to you on level 10 of the Dungeon)

   It inflicts extra damage upon your enemies.
   It affects your dexterity (+4).
Armour
 a - a +1 cloak (worn)
 x - a +0 plate armour (worn)
 D - a +2 buckler (worn)
Jewellery
 f - a ring of protection from cold (left hand)
 n - an amulet of reflection (around neck)
 E - the ring "Zeoxol" (right hand) {+Inv rPois rF+ Dex-4}
   (You found it on level 13 of the Dungeon)

   [ring of poison resistance]

   It affects your dexterity (-4).
   It protects you from fire.
   It protects you from poison.
   It lets you turn invisible.
Wands
 b - a wand of iceblast (34)
 h - a wand of acid (8)
 l - a wand of flame (99)
 y - a wand of clouds (4)
 A - a wand of enslavement (16)
Scrolls
 d - 3 scrolls of identify
 g - 8 scrolls of enchant weapon
 j - 2 scrolls of teleportation
 k - 12 scrolls of remove curse
 u - 3 scrolls of enchant armour
 v - a scroll of blinking
 w - 7 scrolls of fog
Potions
 e - 11 potions of curing
 i - a potion of ambrosia
 m - 2 potions of mutation
 q - a potion of berserk rage
 r - a potion of might
 s - 2 potions of flight
 t - 6 potions of brilliance
 z - 4 potions of lignification
 B - a potion of resistance
 H - 2 potions of invisibility
Comestibles
 c - 23 rations


   Skills:
 + Level 12.4(12.3) Fighting
 * Level 16.5(16.3) Long Blades
 + Level 12.1(12.0) Armour
 + Level 11.3(11.2) Dodging


You had 12 spell levels left.
You didn't know any spells.
Your spell library was empty.

Dungeon Overview and Level Annotations

Branches:
Dungeon (15/15)            Temple (0/1) D:6            Lair (0/6) D:8
    Orc (0/2) D:12         Vaults (0/5) D:13         Depths (0/5) D:15
Ossuary (visited)

Altars:
Ashenzari
Dithmenos
Nemelex Xobeh
Qazlal
Vehumet
Wu Jian
The Shining One

Annotations:
D:15 Agnes


Innate Abilities, Weirdness & Mutations

You reflexively headbutt those who attack you in melee.
You have a pair of horns on your head.


Message History

The barbed spikes dig painfully into your body as you move.
* * * LOW HITPOINT WARNING * * *
You climb upwards.
There is a stone staircase leading down here.
Unknown command.
Unknown command.
Unknown command.
As you read the scroll of teleportation, it crumbles to dust.
You feel strangely unstable. You block the manticore's attack. x2
The manticore barely misses you.
The soldier ant stings you but does no damage.
You block the red ugly thing's attack. The manticore barely misses you.
You riposte.
You slice the manticore!!
You kill the manticore!
Trog accepts your kill. The soldier ant stings you!
* * * LOW HITPOINT WARNING * * *
Unknown command.
The barbed spikes dig painfully into your body as you move.
You die...

######.### #.# #.#
###########.#
#........##.#
#.######.##.# #.# #.##.#
#.######.##.######
#.....##.##..†>@.#######
#..##.##.#...ua........#
#..##.##.......#.#####.#
#........#...#.#.# #.#
##.##..........#.# #.#
#.########.####.# #.#
##.# #......# #.# ##..#
##+###### #.# #...#
##...## #.#


You could see a red ugly thing and a soldier ant.

Vanquished Creatures
  Jorgrun (D:13)
  A sphinx (D:8)
  A dire elephant (D:15)
  An ogre mage (D:13)
  Josephine (D:15)
  2 centaur warriors
  The ghost of hofbold the Sneak, a novice OpTm of Hepliaklqana (D:8)
  3 skeletal warriors (D:12)
  2 wizards (D:14)
  A deep elf archer (D:13)
  A wolf spider (D:15)
  An ugly thing (D:11)
  2 deep elf magi (D:13)
  4 cyclopes
  A manticore (D:14)
  Maurice (D:11)
  2 yaktaurs (D:13)
  A tengu conjurer (D:14)
  A komodo dragon (D:8)
  2 trolls
  A queen bee (D:10)
  2 slime creatures (D:15)
  3 hippogriffs
  4 wraiths
  3 wyverns
  3 yaks (D:12)
  Menkaure (D:4)
  Edmund (D:5)
  3 acid dragons
  2 water moccasins
  2 black bears
  A phantom (D:8)
  7 ice beasts
  5 orc warriors
  3 sky beasts
  A boggart (D:13)
  9 ogres
  An eye of draining (D:9)
  12 centaurs
  4 big kobolds
  A crocodile (D:13)
  6 bullfrogs
  A wyvern skeleton (D:14)
  6 scorpions
  22 killer bees
  25 wights
  4 electric eels (D:10)
  A howler monkey (D:5)
  A bullfrog zombie (D:5)
  9 crimson imps
  6 centaur skeletons
  2 quasits
  2 centaur zombies
  5 hounds
  A human zombie (Ossuary)
  17 orc wizards
  14 orc priests
  4 jellies
  4 iguanas
  Jessica (D:2)
  A bullfrog skeleton (D:5)
  Ijyb (D:3)
  7 worker ants
  A killer bee zombie (D:10)
  A big kobold zombie (Ossuary)
  2 hound skeletons
  2 hound zombies
  4 mummies (Ossuary)
  4 gnolls (D:3)
  12 adders
  2 adder zombies
  3 adder skeletons
  A worm (D:5)
  5 leopard geckos
  45 orcs
  4 giant cockroaches
  5 goblins
  6 hobgoblins
  5 jackals
  5 quokkas
  4 bats
  2 frilled lizards
  A goblin skeleton (D:8)
  5 goblin zombies
  4 hobgoblin zombies (D:8)
  2 jackal zombies (Ossuary)
  19 kobolds
  2 kobold zombies
  A leopard gecko skeleton (D:4)
  An orc skeleton (D:8)
  2 orc zombies (Ossuary)
  2 quokka skeletons
  3 rats
  2 rat zombies (Ossuary)
396 creatures vanquished.

Vanquished Creatures (collateral kills)
  A hydra (D:12)
1 creature vanquished.

Vanquished Creatures (others)
  An orc (D:3)
  2 plants (D:8)
3 creatures vanquished.

Grand Total: 400 creatures vanquished

Notes
Turn   | Place    | Note
-------+----------+-------------------------------------------
     0 | D:1      | Infinimo the Minotaur Berserker began the quest for the
                  | Orb.
     0 | D:1      | Reached XP level 1. HP: 19/19 MP: 0/0
   438 | D:1      | Reached XP level 2. HP: 27/27 MP: 1/1
   614 | D:1      | Reached skill level 4 in Long Blades
  1452 | D:2      | Noticed Jessica
  1455 | D:2      | Killed Jessica
  1455 | D:2      | Reached XP level 3. HP: 30/33 MP: 2/2
  1644 | D:2      | Found an ornate altar of the Wu Jian Council.
  1858 | D:3      | Noticed Ijyb
  1871 | D:3      | Killed Ijyb
  1871 | D:3      | Reached XP level 4. HP: 21/40 MP: 3/3
  2123 | D:3      | Reached ** piety under Trog
  2125 | D:3      | Reached skill level 5 in Long Blades
  2475 | D:3      | Reached XP level 5. HP: 41/47 MP: 4/4
  3482 | D:4      | Reached XP level 6. HP: 44/55 MP: 5/5
  3641 | D:4      | Noticed Menkaure
  3648 | D:4      | Killed Menkaure
  3648 | D:4      | Reached skill level 5 in Fighting
  3648 | D:4      | Reached skill level 6 in Long Blades
  4121 | D:4      | Reached XP level 7. HP: 61/61 MP: 6/6
  4662 | D:5      | Entered Level 5 of the Dungeon
  4681 | D:5      | Reached skill level 7 in Long Blades
  4730 | D:5      | Reached skill level 5 in Armour
  4778 | D:5      | Noticed Edmund
  4786 | D:5      | Killed Edmund
  4961 | D:5      | Reached *** piety under Trog
  5038 | D:5      | Reached skill level 5 in Dodging
  5038 | D:5      | Reached XP level 8. HP: 32/70 MP: 7/7
  5414 | D:5      | Reached skill level 8 in Long Blades
  6302 | D:5      | Reached skill level 9 in Long Blades
  6643 | D:5      | Found a stormy altar of Qazlal.
  6643 | D:5      | Found a sparkling altar of Nemelex Xobeh.
  7197 | D:6      | Found a staircase to the Ecumenical Temple.
  7508 | D:7      | Reached XP level 9. HP: 79/79 MP: 8/8
  7736 | D:7      | Reached **** piety under Trog
  7787 | D:7      | Reached skill level 10 in Long Blades
  8173 | D:8      | Found a shattered altar of Ashenzari.
  8211 | D:8      | Found a sand-covered staircase.
  8215 | Ossuary  | Entered an ossuary
  8551 | D:8      | Found a radiant altar of Vehumet.
  8746 | D:8      | Found a runed translucent door.
  8746 | D:8      | Noticed hofbold's ghost (novice OpTm)
  8746 | D:8      | Noticed a sphinx
  8766 | D:8      | Killed hofbold's ghost
  8917 | D:8      | Killed a sphinx
  8917 | D:8      | Reached skill level 11 in Long Blades
  8917 | D:8      | Reached XP level 10. HP: 90/90 MP: 9/9
  9073 | D:8      | Reached ***** piety under Trog
  9246 | D:8      | Reached skill level 12 in Long Blades
  9252 | D:8      | Noticed a centaur warrior
  9259 | D:8      | Noticed a four-headed hydra
  9583 | D:8      | Found a glowing golden altar of the Shining One.
  9671 | D:8      | Found a staircase to the Lair.
 10002 | D:8      | Killed a centaur warrior
 10606 | D:9      | Found a shadowy altar of Dithmenos.
 11137 | D:9      | Reached XP level 11. HP: 90/99 MP: 10/10
 11429 | D:10     | Entered Level 10 of the Dungeon
 11489 | D:9      | Reached skill level 13 in Long Blades
 11587 | D:10     | Reached skill level 10 in Fighting
 12760 | D:10     | Received a gift from Trog
 12763 | D:10     | Got a brightly glowing scimitar {god gift}
 12764 | D:10     | Identified the +6 scimitar "Waugoam" {vorpal, Dex+4} (Trog
                  | gifted it to you on level 10 of the Dungeon)
 13743 | D:11     | Reached skill level 10 in Armour
 14429 | D:11     | Noticed Maurice
 14436 | D:11     | Killed Maurice
 14508 | D:11     | Noticed a cyan ugly thing
 14515 | D:11     | Killed a cyan ugly thing
 15061 | D:12     | Reached skill level 14 in Long Blades
 15228 | D:12     | Noticed a skeletal warrior
 15230 | D:12     | Noticed a skeletal warrior
 15235 | D:12     | Killed a skeletal warrior
 15236 | D:12     | Noticed a skeletal warrior
 15242 | D:12     | Killed a skeletal warrior
 15242 | D:12     | Received a gift from Trog
 15250 | D:12     | Killed a skeletal warrior
 15432 | D:12     | Reached ****** piety under Trog
 15438 | D:12     | Reached XP level 12. HP: 110/110 MP: 11/11
 15547 | D:12     | Found a staircase to the Orcish Mines.
 15666 | D:12     | Noticed a seven-headed hydra
 15673 | D:12     | Reached skill level 10 in Dodging
 15677 | D:12     | Killed an eight-headed hydra
 16352 | D:13     | Got a clouded platinum ring
 16807 | D:13     | Noticed Jorgrun
 16809 | D:13     | Noticed an ogre mage
 16815 | D:13     | Killed Jorgrun
 16815 | D:13     | Reached skill level 15 in Long Blades
 16821 | D:13     | Paralysed by an ogre mage for 5 turns
 16827 | D:13     | Killed an ogre mage
 17354 | D:13     | Found a gate to the Vaults.
 18151 | D:14     | Reached skill level 16 in Long Blades
 18831 | D:15     | Entered Level 15 of the Dungeon
 18847 | D:15     | Noticed a centaur warrior
 18858 | D:15     | Killed a centaur warrior
 18858 | D:15     | Reached XP level 13. HP: 118/118 MP: 12/12
 18919 | D:15     | Found a staircase to the Depths.
 18919 | D:15     | Noticed a dire elephant
 18946 | D:15     | Killed a dire elephant
 18955 | D:15     | Received a gift from Trog
 18958 | D:15     | Identified the ring "Zeoxol" {+Inv rPois rF+ Dex-4} (You
                  | found it on level 13 of the Dungeon)
 19142 | D:15     | Noticed Josephine
 19149 | D:15     | Noticed Agnes
 19157 | D:15     | Killed Josephine
 19177 | D:14     | HP: 1/119 [soldier ant (9)]
 19178 | D:14     | Succumbed to barbed spike wounds

Illustrated notes

Levels and vault maps discovered:
D:1:      minmay_arrival_five_plusses, layout_basic
D:2:      layout_loops_ring, marbit_many_paths, uniq_jessica
D:3:      layout_rooms, lemuel_old_faithful, uniq_ijyb
D:4:      layout_layer_cave, first_ration, uniq_menkaure
D:5:      layout_gridville, gammafunk_temple_overflow_elements,
          supply_closet_lemuel, uniq_edmund
D:6:      layout_gridville, minmay_temple_entry_grid,
          minmay_fractal_squares_diagonal_5
D:7:      layout_basic, ebering_dispersal_statue_hall
D:8:      minmay_chambers_of_sixes, layout_basic, ashenzari_altar_1,
          nicolae_tso_besieged_by_evil, vehumet_altar_wand_db,
          david_lair_shrubbed, ebering_ghost_inner_flame, enter_ossuary_5
D:9:      layout_roguey, old_standard_altar
D:10:     layout_basic, serial_glass, glass_columns_a, glass_columns_a,
          glass_columns_a, glass_columns_b, glass_columns_a, glass_columns_a,
          glass_columns_a, glass_columns_b, glass_columns_a, glass_columns_b,
          glass_columns_b, glass_columns_a, glass_columns_a, glass_columns_a,
          minmay_strange_pillars, feat_on_display, feat_on_display,
          david_nohive_1, st_stairs_13
D:11:     layout_basic, uniq_maurice
D:12:     layout_roguey, david_orc_2, minmay_misc_feat_pillars
D:13:     layout_stronghold, hangedman_vaults_entry_quadrant_bands, uniq_jorgrun
D:14:     layout_loops_corners, minivault_23
D:15:     hangedman_depths_entry_try_elsewhere_first, layout_cave_pods,
          serial_park_tiny_2, roderic_lattice_a, minivault_25_ag,
          minmay_pinched_square, uniq_josephine, uniq_agnes

Skill      XL: |  1  2  3  4  5  6  7  8  9 10 11 12 13 |
---------------+----------------------------------------+-----
Long Blades    | 4 5 6 7 9 11 12 14 16 | 16.5
Fighting       | 4 5 6 7 8 9 11 12 | 12.4
Armour         | 3 4 5 6 8 9 10 11 12 | 12.1
Dodging        | 3 4 5 6 7 8 9 11 | 11.3

Action                   |  1- 3 |  4- 6 |  7- 9 | 10-12 | 13-15 || total
-------------------------+-------+-------+-------+-------+-------++-------
Melee: Falchion          |    42 |   103 |   267 |   313 |       ||   725
       Headbutt          |     7 |    15 |    71 |   157 |    14 ||   264
       Scimitar          |       |       |       |   346 |    36 ||   382
Invok: Berserk           |     1 |     5 |    12 |    19 |     1 ||    38
       Brothers in Arms  |       |       |       |     1 |       ||     1
  Use: Scroll            |     9 |       |    10 |    10 |     4 ||    33
       Potion            |       |       |     1 |     4 |     2 ||     7
 Stab: Sleeping          |     1 |       |     2 |       |       ||     3
  Eat: Ration            |     1 |     1 |     2 |     6 |       ||    10
       Chunk             |       |     8 |    19 |    29 |     1 ||    57
Armor: Animal skin       |     8 |    15 |    15 |       |       ||    38
       Plate armour      |       |       |    54 |   210 |    15 ||   279
Dodge: Dodged            |    24 |    65 |   115 |   200 |    16 ||   420
Block: Buckler           |     1 |     7 |    84 |   269 |    23 ||   384
       Reflection        |       |       |     4 |    33 |     3 ||    40
       Rpst.: Falchion   |     4 |    23 |    28 |    16 |       ||    71
       Scimitar          |       |       |       |    29 |     5 ||    34
